 Dungeon Crawl Stone Soup version 0.28.0 (webtiles) character file.

Game seed: 7803250571969652234

7 croobank the Insei (level 2, 0/18 HPs)
             Began as an Octopode Transmuter on Feb 14, 2022.
             Succumbed to a kobold's poison
             ... on level 2 of the Dungeon.
             The game lasted 00:01:39 (153 turns).

croobank the Insei (Octopode Transmuter)             Turns: 153, Time: 00:01:40

Health: 0/18       AC:  1    Str:  9    XL:     2   Next: 4%
Magic:  3/5        EV: 13    Int: 15    God:
Gold:   19         SH:  0    Dex: 12    Spells: 4/5 levels left

rFire   . . .      SeeInvis .   b - +0 whip
rCold   . . .      Faith    .   (no shield)
rNeg    . . .      Spirit   .   (helmet restricted)
rPois   .          Reflect  .   (no amulet)
rElec   .          Harm     .   (no ring)
rCorr   .          Rampage  .   (no ring)
Will    .....                   (no ring)
Stlth   +++.......              (no ring)
HPRegen 0.06/turn               (no ring)
MPRegen 0.09/turn               (no ring)
                                (no ring)
                                (no ring)

@: lethally poisoned (0 -> -2)
A: almost no armour, amphibious, 8 rings, camouflage 1, gelatinous body 1,
(nimble swimmer 1), tentacles
a: no special abilities


You were on level 2 of the Dungeon.
You visited 1 branch of the dungeon, and saw 2 of its levels.

You collected 19 gold pieces.

Inventory:

Hand Weapons
 b - a +0 whip (weapon)
Missiles
 a - 13 stones


   Skills:
 + Level 1.2 Fighting
 + Level 2.1 Dodging
 * Level 1.2 Stealth
 - Level 3.0 Unarmed Combat
 + Level 2.0 Spellcasting
 + Level 2.1 Transmutations


You had 4 spell levels left.
You knew the following spells:

 Your Spells              Type           Power      Damage    Failure   Level
a - Beastly Appendage     Tmut           14%        N/A       10%         1

Your spell library contained the following spells:

 Spells                   Type           Power      Damage    Failure   Level
 Wereblood                Tmut           7%         N/A       14%         2
 Apportation              Tloc           2%         N/A       22%         1
 Spider Form              Tmut/Pois      4%         N/A       38%         3
 Ice Form                 Ice/Tmut       4%         N/A       80%         4
 Alistair's Intoxication  Tmut/Pois      2%         N/A       98%         5


Dungeon Overview and Level Annotations

Branches:
Dungeon (2/15)

Altars:

Shops:
D:1 (


Innate Abilities, Weirdness & Mutations

You cannot wear most types of armour.
You are amphibious.
You can wear up to eight rings at the same time.
Your skin changes colour to match your surroundings (Stealth+).
Your rubbery body absorbs attacks. (AC +1, EV +1)
((You are camouflaged when in or above water. (Stealth+)))
You have tentacles for arms and can constrict up to eight enemies at once.


Message History

Confirm with . or Enter, or press ? or * to list all spells.
You extend your transformation's duration.
Your transformation is almost over.
The bat misses you.
The hobgoblin shouts!
The bat barely misses you.
The kobold throws a stone.
The stone barely misses you.
You barely miss the bat. Your grab misses the bat. The bat hits you.
You hit the kobold. Your grab misses the kobold.
The kobold is moderately wounded.
The bat misses you.
The kobold hits you with a +1 dagger of venom.
You are poisoned.
You hit the kobold.
You kill the kobold!
You feel sick. The bat misses you.
Found 17 gold pieces.
* * * LOW HITPOINT WARNING * * *
You feel sick. The bat hits you.
* * * LOW HITPOINT WARNING * * *
The hobgoblin barely misses you.
There is a stone staircase leading down here.
You aren't carrying any potions.
You aren't carrying any scrolls.
Okay, then.
* * * LOW HITPOINT WARNING * * *
You feel sick. The bat hits you.
* * * LOW HITPOINT WARNING * * *
The hobgoblin misses you.
You climb downwards.
* * * LOW HITPOINT WARNING * * *
You feel sick.
The hobgoblin shouts!
Found a scroll labelled WAIHI ZUFIDA.
There is a stone staircase leading up here.
* * * LOW HITPOINT WARNING * * *
You feel sick.
The hobgoblin hits you but does no damage.
Your tentacle spike disappears.
You die...

.... ........
.........
#........
#....... ##.#.#.#
########.......
#.....?@#.#.#.#.#
#......g.g.......
#.......#.#.#.#.#
#.............
#.......#.#.#.#
#.......b.#.....
.......#+## .####
######. .. .. ##


You could see 2 hobgoblins and a bat.

Vanquished Creatures
  3 bats (D:1)
  An endoplasm (D:1)
  2 ball pythons (D:1)
  A kobold (D:1)
7 creatures vanquished.

Notes
Turn   | Place    | Note
-------+----------+-------------------------------------------
     0 | D:1      | croobank the Octopode Transmuter began the quest for the
                  | Orb.
     0 | D:1      | Reached XP level 1. HP: 13/13 MP: 3/3
   124 | D:1      | Found Roruzali's Weapon Emporium.
   137 | D:1      | Reached skill level 1 in Stealth
   143 | D:1      | Reached XP level 2. HP: 13/18 MP: 3/5
   153 | D:2      | Succumbed to a kobold's poison

Illustrated notes

Levels and vault maps discovered:
D:1:      denvon_arrival_planthouse, layout_basic, serial_shops, shop
D:2:      layout_basic, hellmonk_ecumenical_altar_pennies_from_heaven,
          st_stairs_12, grunt_ministairs_8, uniq_terence, uniq_jessica

Skill      XL: |  1 |
---------------+----+-----
Stealth        | 1 |  1.2
Fighting       | |  1.2
Dodging        | |  2.1
Unarmed Combat | |  3.0
Spellcasting   | |  2.0
Transmutations | |  2.1

Action                   || total
-------------------------++-------
Melee: Whip              ||    10
       Unarmed           ||     2
       Constrict         ||     2
       Kick              ||     2
       Tentacles         ||     2
 Cast: Beastly Appendage ||     2
 Stab: Sleeping          ||     1
Armor: Skin              ||     2
Dodge: Dodged            ||    16
